 Dungeon Crawl Stone Soup version 0.24.0-1-gfbc8707122 (webtiles) character file.

Game seed: 7143838111788081770, levelgen mode: deterministic

9060 mortelune the Cleaver (level 11, -14/103 HPs)
             Began as a Deep Dwarf Fighter on Oct 26, 2019.
             Was a Priest of Makhleb.
             Demolished by a spiny frog (15 damage)
             ... on level 1 of the Lair of Beasts.
             The game lasted 00:33:27 (9315 turns).

mortelune the Cleaver (Deep Dwarf Fighter)          Turns: 9315, Time: 00:33:28

Health: -14/103    AC: 22    Str: 21    XL:     11   Next: 18%
Magic:  12/12      EV:  5    Int: 11    God:    Makhleb [***...]
Gold:   386        SH: 11    Dex: 12    Spells: 10/10 levels left

rFire    + . .     SeeInvis .   a - +1 war axe
rCold    . . .     Gourm    .   c - +0 shield
rNeg     . . .     Faith    .   q - +0 plate armour
rPois    .         Spirit   .   r - +1 hat
rElec    .         Reflect  .   (no cloak)
rCorr    .         Harm     .   g - +1 pair of gloves
MR       +....                  l - +0 pair of boots
Stlth    ..........             (no amulet)
HPRegen  0.00/turn              H - ring of protection from fire
MPRegen  0.13/turn              M - +3 ring of protection

@: lethally poisoned (-14 -> -14), non-regenerating
A: damage resistance, heal wounds, mutation resistance 1, sense surroundings 2,
no regeneration
a: Heal Wounds, Minor Destruction, Lesser Servant of Makhleb, Renounce Religion


You were on level 1 of the Lair of Beasts.
You worshipped Makhleb.
Makhleb was most pleased with you.
You were not hungry.

You visited 3 branches of the dungeon, and saw 11 of its levels.
You also visited: Ossuary.

You collected 546 gold pieces.
You spent 160 gold pieces at shops.

Inventory:

Hand Weapons
 a - a +1 war axe (weapon)
 F - a +0 whip of freezing
Missiles
 m - 164 stones
 n - 7 boomerangs (quivered)
 w - 6 throwing nets
Armour
 b - a +0 scale mail
 c - a +0 shield (worn)
 e - a +0 helmet
 g - a +1 pair of gloves (worn)
 i - a +0 ring mail
 l - a +0 pair of boots (worn)
 q - a +0 plate armour (worn)
 r - a +1 hat (worn)
 x - a +0 chain mail
Jewellery
 y - an uncursed ring of protection from cold
 H - a ring of protection from fire (left hand)
 M - a +3 ring of protection (right hand)
Wands
 o - a wand of enslavement (12)
 K - a wand of paralysis (15)
Scrolls
 h - 3 scrolls of remove curse
 j - a scroll of enchant weapon
 k - 6 scrolls of teleportation
 t - 2 scrolls of enchant armour
 A - 4 scrolls of random uselessness
 B - 7 scrolls of immolation
 G - a scroll of torment {unknown}
Potions
 d - 3 potions of might
 p - 4 potions of agility
 s - 2 potions of mutation
 u - a potion of flight
 v - a potion of invisibility
 z - 2 potions of magic
 C - a potion of haste
 D - a potion of lignification
 E - a potion of berserk rage
 I - a potion of curing
 J - a potion of resistance
 N - a potion of brilliance {unknown}
Comestibles
 f - 14 rations
 L - 15 chunks of flesh


   Skills:
 + Level 8.3 Fighting
 + Level 10.5 Axes
 + Level 9.9 Armour
 + Level 8.8 Shields
 + Level 5.3 Invocations


You had 10 spell levels left.
You didn't know any spells.
Your spell library contained the following spells:

 Spells                   Type           Power        Failure   Level  Hunger
 Magic Dart               Conj           #...         100%        1    ##.....
 Blink                    Tloc           N/A          100%        2    ###....
 Call Imp                 Summ           #.......     100%        2    ###....
 Slow                     Hex            #.......     100%        2    ###....
 Conjure Flame            Conj/Fire      #.......     100%        3    ####...
 Mephitic Cloud           Conj/Pois/Air  #.......     100%        3    ####...


Dungeon Overview and Level Annotations

Branches:
Dungeon (9/15)             Temple (1/1) D:5            Lair (1/6) D:9
    Orc (0/2) D:9         Ossuary (visited)

Altars:
Ashenzari
Cheibriados
Dithmenos
Elyvilon
Fedhas
Hepliaklqana
Kikubaaqudgha
Makhleb
Nemelex Xobeh
Okawaru
Qazlal
Ru
Trog
Wu Jian
Xom
Yredelemnul
Zin

Shops:
D:9 !*[

Annotations:
D:9 Harold


Innate Abilities, Weirdness & Mutations

You are resistant to damage.
You can heal yourself by infusing magical energy.
You passively map the area around you.
You do not regenerate.
You are somewhat resistant to further mutation.


Message History

You hit the spiny frog.
The spiny frog is lightly wounded.
You block the spiny frog's attack.
You hit the spiny frog.
The spiny frog is moderately wounded.
The spiny frog stings you.
* * * LOW HITPOINT WARNING * * *
Your shield and plate armour prevent you from hitting the spiny frog.
The spiny frog is moderately wounded.
The spiny frog stings you.
* * * LOW HITPOINT WARNING * * *
The spiny frog stings you!
* * * LOW HITPOINT WARNING * * *
You are poisoned.
The spiny frog poisons you!
You hit the spiny frog.
The spiny frog is heavily wounded.
* * * LOW HITPOINT WARNING * * *
You feel sick. The spiny frog stings you!
You die...

#......,, ,, , #.....#
, #^....# * ** ..#
#.....# ..# #.....# ..#
##.....# ######..#
#......########.##.#...
##....F...........§...#
#....@...........†....
#.....................
#.......#.#######.#...
##.......### ###...
#........### #####....
##.........####.#....F.
#.....................
#.######..............
##......#..............


You could see a spiny frog.

Vanquished Creatures
  A hydra (D:9)
  Pikel (D:6)
  2 spiny frogs (Lair:1)
  6 blink frogs (Lair:1)
  Grinder (D:5)
  A hippogriff (D:8)
  11 yaks
  2 humans (D:9)
  Menkaure (D:4)
  A water moccasin (Lair:1)
  2 slaves (D:6)
  3 orc warriors
  2 ice beasts
  2 sky beasts
  3 phantoms
  4 ogres
  2 centaurs (D:5)
  Blork the orc (D:4)
  9 bullfrogs
  2 scorpions
  4 killer bees (D:8)
  3 wights (D:7)
  A howler monkey (D:6)
  4 crimson imps
  A centaur zombie (Ossuary)
  4 orc wizards
  3 quasits
  An orc priest (D:6)
  4 hounds
  2 jellies
  2 human zombies (Ossuary)
  A bullfrog skeleton (D:4)
  A centaur skeleton (D:5)
  Jessica (D:3)
  An iguana (D:8)
  5 worker ants
  2 hound skeletons
  A hound zombie (D:5)
  5 mummies (Ossuary)
  17 gnolls
  8 adders
  2 shadow imps
  An ooze (D:2)
  6 worms
  2 dart slugs
  5 leopard geckos
  17 orcs
  A bat (D:1)
  A bat zombie (D:7)
  5 giant cockroaches
  4 goblins
  8 hobgoblins
  5 jackals
  13 kobolds
  2 quokkas
  2 ball pythons (D:3)
  6 frilled lizards
  A hobgoblin zombie (Ossuary)
  A kobold zombie (Ossuary)
  3 orc zombies (Ossuary)
  A quokka skeleton (D:5)
  6 rats
  3 rat zombies (D:7)
223 creatures vanquished.

Vanquished Creatures (others)
  A howler monkey (D:5)
  A jelly (D:5)
  A worker ant (D:5)
  A worm (D:5)
  A giant cockroach (D:5)
  A quokka (D:8)
  2 bushes (D:8)
  A plant (D:8)
9 creatures vanquished.

Grand Total: 232 creatures vanquished

Notes
Turn   | Place    | Note
-------+----------+-------------------------------------------
     0 | D:1      | mortelune the Deep Dwarf Fighter began the quest for the
                  | Orb.
     0 | D:1      | Reached XP level 1. HP: 20/20 MP: 1/1
   211 | D:1      | Reached XP level 2. HP: 25/27 MP: 2/2
   340 | D:1      | Reached skill level 3 in Axes
   617 | D:1      | Reached XP level 3. HP: 17/34 MP: 3/3
   872 | D:1      | Found a glowing silver altar of Zin.
  1182 | D:2      | Reached XP level 4. HP: 16/42 MP: 4/4
  1517 | D:2      | Reached skill level 4 in Axes
  1538 | D:2      | Found a bloodstained altar of Trog.
  2043 | D:3      | Reached XP level 5. HP: 40/49 MP: 4/4
  2256 | D:3      | Found a shattered altar of Ashenzari.
  2394 | D:3      | Noticed Jessica
  2399 | D:3      | Killed Jessica
  2726 | D:4      | Noticed Menkaure
  2744 | D:4      | Killed Menkaure
  2744 | D:4      | Reached skill level 5 in Axes
  2744 | D:4      | Reached XP level 6. HP: 13/57 MP: 5/5
  2895 | D:4      | Reached skill level 5 in Armour
  2917 | D:4      | Found a glowing silver altar of Zin.
  2917 | D:4      | Found an iron altar of Okawaru.
  2920 | D:4      | Noticed Blork the orc
  2942 | D:4      | Killed Blork the orc
  2942 | D:4      | Reached skill level 6 in Axes
  2942 | D:4      | Reached XP level 7. HP: 21/64 MP: 5/5
  3002 | D:4      | Found a sand-covered staircase.
  3024 | Ossuary  | Entered an ossuary
  3370 | D:4      | Gained mutation: You are somewhat resistant to further
                  | mutation. [potion of mutation]
  3932 | D:5      | Entered Level 5 of the Dungeon
  4074 | D:5      | Reached skill level 7 in Axes
  4087 | D:5      | Reached skill level 5 in Fighting
  4087 | D:5      | Reached XP level 8. HP: 17/74 MP: 6/6
  4333 | D:5      | Found a shimmering altar of Xom.
  4547 | D:5      | Noticed Grinder
  4557 | D:5      | Paralysed by Grinder for 2 turns
  4563 | D:5      | Paralysed by Grinder for 5 turns
  4592 | D:5      | Killed Grinder
  4592 | D:5      | Reached skill level 5 in Shields
  4612 | D:5      | Found a staircase to the Ecumenical Temple.
  4623 | Temple   | Entered the Ecumenical Temple
  4682 | Temple   | Became a worshipper of Makhleb the Destroyer
  4868 | D:5      | Found a snail-covered altar of Cheibriados.
  5029 | D:5      | Reached skill level 8 in Axes
  5210 | D:6      | Found a stormy altar of Qazlal.
  5352 | D:6      | Gained mutation: You passively map the area around you.
                  | [Deep Dwarf growth]
  5352 | D:6      | Reached XP level 9. HP: 37/82 MP: 7/7
  5936 | D:6      | Reached * piety under Makhleb
  5991 | D:6      | Noticed Pikel
  6016 | D:6      | Killed Pikel
  6362 | D:7      | Found an ancient bone altar of Kikubaaqudgha.
  6575 | D:7      | Reached skill level 9 in Axes
  6585 | D:7      | Found a sacrificial altar of Ru.
  6929 | D:7      | Found a hazy altar of Hepliaklqana.
  7089 | D:8      | Found a white marble altar of Elyvilon.
  7391 | D:8      | Reached ** piety under Makhleb
  7513 | D:8      | Noticed a two-headed ogre
  7529 | D:8      | Reached XP level 10. HP: 42/94 MP: 8/8
  7534 | D:8      | HP: 3/94 [two-headed ogre/+0 giant club (14)]
  8025 | D:9      | Found Weprefa's Assorted Antiques.
  8339 | D:9      | Found an iron altar of Okawaru.
  8364 | D:9      | Reached skill level 1 in Invocations
  8389 | D:9      | Found a staircase to the Orcish Mines.
  8389 | D:9      | Noticed a seven-headed hydra
  8442 | D:8      | Found a blossoming altar of Fedhas.
  8459 | D:9      | Found Judytoub's Armour Boutique.
  8459 | D:9      | Noticed Harold
  8517 | D:9      | Found Ivueplee's Distillery.
  8524 | D:9      | Bought a potion of invisibility for 80 gold pieces
  8524 | D:9      | Bought a potion of curing for 30 gold pieces
  8524 | D:9      | Bought a potion of heal wounds for 50 gold pieces
  8554 | D:9      | Killed a seven-headed hydra
  8554 | D:9      | Reached skill level 10 in Axes
  8571 | D:9      | Found an ornate altar of the Wu Jian Council.
  8848 | D:9      | Found a staircase to the Lair.
  8904 | Lair:1   | Entered Level 1 of the Lair of Beasts
  8960 | Lair:1   | Noticed a spiny frog
  8974 | Lair:1   | HP: 3/96 [spiny frog (15)]
  8976 | Lair:1   | Killed a spiny frog
  9050 | Lair:1   | Noticed a spiny frog
  9069 | Lair:1   | Killed a spiny frog
  9141 | Lair:1   | Reached XP level 11. HP: 28/103 MP: 11/11
  9225 | Lair:1   | Reached skill level 5 in Invocations
  9233 | Lair:1   | Reached *** piety under Makhleb
  9314 | Lair:1   | HP: 2/103 [spiny frog (12)]
  9315 | Lair:1   | Demolished by a spiny frog

Levels and vault maps discovered:
D:1:      saegor_arrival_under_anarchy, layout_loops_ring,
          kennysheep_flooded_box
D:2:      layout_loops_ring, lemuel_round_altar
D:3:      layout_loops_corners, nicolae_overflow_crystal_walls, uniq_jessica
D:4:      wander_river, layout_basic,
          chequers_temple_overflow_statue_of_worship,
          nicolae_ossuary_entry_monument, kennysheep_generic_room_5,
          uniq_menkaure, uniq_blork_the_orc
D:5:      layout_loops_corners, xom_confusion_cloud, overflow_temple_1_default,
          minmay_temple_entry_statues_fountains, first_ration, uniq_grinder
D:6:      layout_basic, lemuel_doored_altar, uniq_pikel
D:7:      layout_basic, lemuel_zombie_altar_kikubaaqudgha,
          nicolae_ru_path_of_blood, kennysheep_mini_moat, serial_bayou_pond_e,
          grunt_ogre_cave
D:8:      layout_gridville, elyvilon_altar_4, minmay_statues_item, tgw_fedhas
D:9:      layout_roguey, nicolae_overflow_hidden_temple, lair_entry_dummy,
          david_orc_3, serial_shops, nicolae_shop_crystal,
          nicolae_shop_statue_plus, nicolae_shop_behind_doors, shop_fountains,
          shop_fountains, okawaru_humans, uniq_harold
Temple:   jpeg_temple_alley_garden
Lair:1:   layout_chaotic_city, basic_altar

Skill      XL: |  1  2  3  4  5  6  7  8  9 10 11 |
---------------+----------------------------------+-----
Axes           | 3 4 5 6 7 8 9 10 | 10.5
Fighting       | 3 4 5 6 7 8 |  8.3
Armour         | 4 5 6 7 8 9 |  9.9
Shields        | 4 5 7 8 |  8.8
Invocations    | 4 5 |  5.3

Action                   |  1- 3 |  4- 6 |  7- 9 | 10-12 || total
-------------------------+-------+-------+-------+-------++-------
Melee: War axe           |    96 |   130 |   622 |   285 ||  1133
       Whip              |       |       |       |    24 ||    24
Throw: Stone             |       |    21 |     7 |       ||    28
       Boomerang         |       |       |    35 |    54 ||    89
Invok: Minor Destruction |       |       |       |     1 ||     1
 Abil: Heal Wounds       |       |     2 |     4 |     9 ||    15
Evoke: Wand              |       |       |       |     1 ||     1
  Use: Scroll            |       |     8 |     4 |     8 ||    20
       Potion            |       |     2 |    14 |     3 ||    19
 Stab: Invisible         |       |       |       |     1 ||     1
  Eat: Chunk             |     1 |     5 |    13 |     7 ||    26
       Ration            |       |       |     1 |       ||     1
Armor: Scale mail        |    45 |    29 |       |       ||    74
       Chain mail        |       |    38 |   180 |       ||   218
       Plate armour      |       |       |   134 |   177 ||   311
Dodge: Dodged            |    30 |    25 |   109 |    44 ||   208
Block: Shield            |    48 |    56 |   311 |   182 ||   597
